 Dungeon Crawl Stone Soup version bcrawl-1.31.4 (webtiles) character file.

Game seed: 14962187995231019910

650104 Morbidden the Slicer (level 16, -4/101 HPs)
             Began as an Avariel Archaeologist on June 8, 2021.
             Was the Champion of Vehumet.
             Slain by an orc warrior
             ... wielding a +0 short sword
              (12 damage)
             ... in the Orcish Mines.
             The game lasted 00:40:34 (20153 turns).

Morbidden the Slicer (Avariel Archaeologist)       Turns: 20153, Time: 00:40:35

Health: -4/101     AC: 21    Str: 10    XL:     16   Next: 74%
Magic:  29/34      EV: 21    Int: 25    God:    Vehumet [******]
Gold:   2002       SH:  2    Dex: 13    Spells: 22/39 levels left

rFire    . . .     SeeInvis .   a - +5 pair of quick blades "Gyre" and "Gimble" {pierce}
rCold    . . .     Gourm    .   (shield currently unavailable)
rNeg     . . .     Faith    .   r - +4 troll leather armour
rPois    .         Spirit   .   d - +2 hat
rElec    .         Reflect  .   Z - +1 cloak
rCorr    .         Harm     .   t - +0 pair of gloves
MR       +....                  m - +1 pair of boots
Stlth    ++++++....             N - amulet of regeneration
HPRegen  1.53/turn              K - ring of stealth
MPRegen  0.24/turn              J - +4 ring of protection

@: singing, flying quickly and evasively, quick
A: able to fly
a: Stop Flying, Renounce Religion


You were in the Orcish Mines.
You worshipped Vehumet.
Vehumet was exalted by your worship.
You were not hungry.

You visited 4 branches of the dungeon, and saw 20 of its levels.

You collected 2450 gold pieces.
You spent 448 gold pieces at shops.

Inventory:

Hand Weapons
 a - the +5 pair of quick blades "Gyre" and "Gimble" (weapon) {pierce}
   (You acquired it on level 3 of the Dungeon)

   It will always inflict at least some extra damage.
   This minimum extra damage increases with your current reserve of magical
   power.
 b - a +0 blowgun
 P - a +3 scimitar of flaming
Missiles
 f - 68 curare-tipped needles
 u - 966 poisoned tomahawks
 y - 272 javelins (quivered)
 Q - a throwing net {=f}
 R - 92 poisoned needles
Armour
 d - a +2 hat (worn)
 m - a +1 pair of boots (worn)
 r - a +4 troll leather armour (worn)
 s - +0 fire dragon scales
 t - a +0 pair of gloves (worn)
 E - the +5 ring mail of Tulips {-Cast rF++ rC++}
   (You found it on level 5 of the Dungeon)

   It greatly protects you from fire.
   It greatly protects you from cold.
   It prevents spellcasting.
 Z - a +1 cloak (worn)
Jewellery
 D - an uncursed ring of wizardry
 G - the ring "Yptu" {Fire Stlth+}
   (You found it on level 6 of the Dungeon)

   [ring of fire]

   It enhances your fire magic.
   It protects you from fire.
   It makes you vulnerable to cold.
   It makes you more stealthy.
 J - a +4 ring of protection (right hand)
 K - a ring of stealth (left hand)
 N - an amulet of regeneration (around neck)
Wands
 l - a wand of digging (8)
 q - a wand of acid (4)
 v - a wand of flame (19)
 I - a wand of iceblast (4)
 W - a wand of clouds (3)
Scrolls
 g - 3 scrolls of magic mapping
 i - 6 scrolls of identify
 n - a scroll of summoning
 w - 6 scrolls of immolation
 x - 9 scrolls of remove curse
 A - 7 scrolls of teleportation
 C - a scroll of fear {unknown}
 F - a scroll of enchant weapon
 H - 2 scrolls of blinking
 M - a scroll of brand weapon {unknown}
 T - 2 scrolls of amnesia
 Y - 2 scrolls of enchant armour
Potions
 c - 2 potions of resistance
 h - 5 potions of cancellation
 j - 10 potions of curing
 k - a potion of invisibility {unknown}
 o - 2 potions of brilliance {unknown}
 p - 4 potions of heal wounds
 z - 2 potions of berserk rage
 B - 2 potions of ambrosia {unknown}
 L - 3 potions of agility
 O - a potion of might {unknown}
 V - 3 potions of haste {unknown}
 X - 2 potions of mutation {unknown}
Miscellaneous
 S - a lightning rod (4/4)
Comestibles
 e - 39 rations {!d}


   Skills:
 * Level 11.8 Fighting
 * Level 14.7 Short Blades
   Level 0.7 Maces & Flails
 + Level 2.9 Throwing
 + Level 6.4 Armour
 * Level 11.3 Dodging
 + Level 11.2 Stealth
 * Level 12.0 Spellcasting
 + Level 8.0 Conjurations
 * Level 4.7 Charms
 * Level 5.0 Necromancy
 * Level 10.2 Air Magic


You had 22 spell levels left.
You knew the following spells:

 Your Spells              Type           Power        Failure   Level  Hunger
a - Airstrike             Air            ######....   1%          4    None
b - Song of Slaying       Chrm           #####...     1%          2    None
c - Regeneration          Chrm/Necr      #####.....   1%          3    None
x - Fireball              Conj/Fire      #####.....   7%          5    ##.....
z - Static Discharge      Air            ######..     1%          3    None

Your spell library contained the following spells:

 Spells                   Type           Power        Failure   Level  Hunger
 Venom Bolt               Conj/Pois      #####.....   7%          5    ##.....
 Animate Skeleton         Necr           N/A          1%          1    None
 Flame Tongue             Conj/Fire      #####        1%          1    None
 Infusion                 Chrm           #####...     1%          1    None
 Pain                     Necr           #####.       1%          1    None
 Shock                    Conj/Air       #####        1%          1    None
 Swiftness                Chrm/Air       ######..     1%          2    None
 Conjure Flame            Conj/Fire      #####...     1%          3    None
 Vampiric Draining        Necr           #####.....   1%          3    None
 Lightning Bolt           Conj/Air       ######....   1%          5    ##.....
 Sticky Flame             Conj/Fire      #####...     2%          4    None
 Flaming Arrows           Chrm/Fire      ####....     3%          2    None
 Beastly Appendage        Tmut           ###...       4%          1    None
 Inner Flame              Hex/Fire       N/A          4%          3    None
 Ozocubu's Armour         Chrm/Ice       ####....     6%          3    None
 Spectral Weapon          Hex/Chrm       ####....     6%          3    None
 Agony                    Necr           #####...     6%          4    None
 Animate Dead             Necr           N/A          6%          4    None
 Passwall                 Tmut/Erth      ###.....     8%          2    None
 Sticks to Snakes         Tmut           ###.....     8%          2    None
 Bolt of Magma            Conj/Fire/Erth ####......   13%         5    ##.....
 Recall                   Summ/Tloc      N/A          16%         3    None
 Spider Form              Tmut/Pois      ###          16%         3    None
 Dispel Undead            Necr           #####...     19%         5    ##.....
 Iron Shot                Conj/Erth      #####.....   36%         6    ####...
 Ice Form                 Ice/Tmut       ###.....     45%         4    None
 Aura of Abjuration       Summ           ###.......   80%         5    ##.....
 Blade Hands              Tmut           ###.......   80%         5    ##.....
 Summon Demon             Summ           ###.......   80%         5    ##.....
 Summon Forest            Summ/Tloc      ###.......   80%         5    ##.....
 Summon Mana Viper        Hex/Summ       ###.....     80%         5    ##.....
 Shadow Creatures         Summ           N/A          100%        6    ####...
 Statue Form              Tmut/Erth      ###......    100%        6    ####...
 Shatter                  Erth           ###.......   100%        9    #######


Dungeon Overview and Level Annotations

Branches:
Dungeon (12/12)            Temple (1/1) D:5            Lair (6/6) D:9
 Shoals (0/3) Lair:3       Spider (0/3) Lair:3        Slime (0/5) Lair:5
    Orc (1/1) D:8             Elf (0/3) Orc          Vaults (0/3) D:12
 Depths (0/5) D:12

Altars:
Ashenzari
Cheibriados
Dithmenos
Elyvilon
Fedhas
Gozag
Hepliaklqana
Kikubaaqudgha
Lugonu
Makhleb
Nemelex Xobeh
Okawaru
Qazlal
Ru
Sif Muna
Trog
Uskayaw
Vehumet
Wu Jian
Xom
Yredelemnul
Zin
The Shining One
Jiyva

Shops:
D:5 [   D:6 %   D:7 =   D:10 [*


Innate Abilities, Weirdness & Mutations

You can fly continuously.


Message History

Beogh smites you!
The hellwing swoops through the air toward you!
The hellwing hits you. The hellwing completely misses you.
The orc priest calls upon Beogh to heal the orc warrior.
The orc warrior's wounds heal themselves!
The orc high priest mumbles some strange prayers to Beogh.
The hellwing swoops through the air toward you!
The hellwing hits you. x2
* * * LOW HITPOINT WARNING * * *
The hellwing blinks!
You blink.
The orc priest calls down the wrath of Beogh upon you.
Beogh smites you!
* * * LOW HITPOINT WARNING * * *
An orc high priest comes into view. It is wielding a +0 glaive.
The hellwing disappears in a puff of smoke!
The orc priest invokes the aid of Beogh against you.
Beogh smites you!
* * * LOW HITPOINT WARNING * * *
The orc warrior hits you with a +0 short sword!
You die...

..# #.. .....
..# .## #...
#.o.# ...# ..#
#.............#
..###
#....#o..#....#
....##
#....o..o.....#
.....#
#...4#.oo#....#
#....#
#....oooo...#
###.##
#..4#o.o#o..#
.####
#4..§@.44.#
.####
#..#ooo#..#
##..###
##....o..##
......##
###.#4###
##.....#
#....§#
.##.#.##
###.#.###
##...##
#.......##
#...##
#..#...#..#
##.##
#.........##


You could see 4 orc knights, 3 orc high priests, an orange demon, 2 hellwings,
an ice devil, a chaos spawn, a red devil, 5 orc warriors and 5 orc priests.

Vanquished Creatures
  Nessos (Lair:6)
  A dire elephant (D:12)
  Azrael (Orc)
  A fire dragon (Lair:6)
  Urug (Lair:6)
  6 hydras
  2 vault guards (D:12)
  A catoblepas (Lair:5)
  A death knight (D:12)
  4 two-headed ogres
  2 centaur warriors
  An alligator (Lair:5)
  An orc high priest (Orc)
  3 tengu warriors
  7 death yaks (Lair:5)
  Sonja (Lair:6)
  An unseen horror (D:9)
  2 skeletal warriors (D:12)
  A swamp dragon (Lair:6)
  A wizard (D:12)
  A phantasmal warrior (D:12)
  3 orc knights (Orc)
  2 necromancers (D:12)
  Pikel (D:5)
  4 cyclopes
  2 wolf spiders (Lair:6)
  2 manticores (D:12)
  An ugly thing (D:11)
  11 black mambas
  13 elephants
  2 centaur zombies
  A gargoyle (D:8)
  Joseph (D:9)
  A guardian serpent (Lair:6)
  A torpor snail (Lair:4)
  2 centaur skeletons (D:12)
  16 cane toads
  3 rime drakes
  12 komodo dragons
  3 kobold demonologists (D:10)
  2 efreet
  2 tengu conjurers
  4 trolls
  6 yaktaurs
  2 freezing wraiths
  A jumping spider (shapeshifter) (D:12)
  Grinder (D:6)
  5 hornets
  5 slime creatures
  12 blink frogs
  13 hippogriffs
  Prince Ribbit (D:8)
  2 meliai zombies
  5 dream sheep (Lair:6)
  A redback (Lair:6)
  2 vampires
  3 wraiths
  56 yaks
  13 wyverns
  3 fire elementals (Orc)
  5 basilisks
  Eustachio (D:5)
  19 humans (D:12)
  A hungry ghost (D:10)
  2 steam dragons
  5 wargs (Orc)
  An acid dragon (Lair:6)
  3 sky beasts
  9 crocodiles
  11 porcupines
  13 water moccasins
  3 swamp drakes (Lair:6)
  A hell hound (Orc)
  A necrophage (D:6)
  32 orc warriors
  An eye of draining (shapeshifter) (D:8)
  A black bear (D:11)
  3 eyes of draining
  A phantom (D:8)
  An ice beast (D:10)
  2 slaves (D:5)
  3 centaurs
  8 ogres
  10 bullfrogs
  2 big kobolds
  A wyvern zombie (D:9)
  7 scorpions
  5 killer bees (D:7)
  A wight (D:6)
  3 howler monkeys
  2 electric eels
  7 crimson imps
  6 hounds
  7 jellies
  23 orc priests
  22 orc wizards
  4 iguanas
  2 bullfrog skeletons
  14 worker ants
  A hound zombie (D:6)
  2 hound skeletons
  A howler monkey skeleton (D:4)
  17 adders
  4 shadow imps
  5 oozes
  5 adder zombies
  2 adder skeletons
  5 worms
  6 dart slugs
  6 leopard geckos
  89 orcs
  2 ball pythons (D:1)
  5 giant cockroaches
  9 goblins
  11 hobgoblins
  6 jackals
  3 quokkas
  3 bats
  2 frilled lizards
  A jackal skeleton (D:4)
  16 kobolds
  5 rats
709 creatures vanquished.

Vanquished Creatures (others)
  An orc (D:5)
  A quokka (D:5)
  8 fungi (Lair:6)
  20 plants (Lair:6)
30 creatures vanquished.

Grand Total: 739 creatures vanquished

Notes
Turn   | Place    | Note
-------+----------+-------------------------------------------
     0 | D:1      | Morbidden the Avariel Archaeologist began the quest for the
                  | Orb.
     0 | D:1      | Reached XP level 1. HP: 11/11 MP: 3/3
   795 | D:1      | Reached skill level 1 in Spellcasting
   795 | D:1      | Reached XP level 2. HP: 8/16 MP: 5/5
  1407 | D:1      | Reached skill level 1 in Fighting
  1407 | D:1      | Reached XP level 3. HP: 20/20 MP: 6/6
  1587 | D:1      | Reached skill level 1 in Short Blades
  2070 | D:2      | Found a white marble altar of Elyvilon.
  2081 | D:2      | Reached XP level 4. HP: 19/25 MP: 6/8
  2280 | D:2      | Reached skill level 2 in Short Blades
  2751 | D:3      | Found a shadowy altar of Dithmenos.
  2912 | D:3      | Reached XP level 5. HP: 29/29 MP: 9/9
  2912 | D:3      | Identified a scroll of acquirement
  2917 | D:3      | Found the +5 pair of quick blades "Gyre" and "Gimble"
                  | {pierce}
  3205 | D:3      | Reached skill level 3 in Short Blades
  3333 | D:4      | Noticed a sky beast
  3399 | D:4      | Reached XP level 6. HP: 35/35 MP: 9/11
  3546 | D:4      | Reached skill level 4 in Short Blades
  3633 | D:4      | Killed a sky beast
  3634 | D:4      | Reached XP level 7. HP: 25/40 MP: 11/13
  3790 | D:4      | Reached skill level 5 in Dodging
  3802 | D:4      | Got a heavily runed crystal amulet
  3803 | D:4      | Identified the cursed amulet "Ycredouwn" {Inacc rC+} (You
                  | found it on level 4 of the Dungeon)
  4117 | D:4      | Identified the ring "Dojeimi" {Ice +Blink +Inv Int-5}
  4152 | D:4      | Reached skill level 5 in Short Blades
  4348 | D:4      | Reached skill level 1 in Throwing
  4426 | D:5      | Entered Level 5 of the Dungeon
  4500 | D:5      | Reached XP level 8. HP: 45/45 MP: 13/15
  4508 | D:5      | Noticed Eustachio
  4518 | D:5      | Killed Eustachio
  4519 | D:5      | Reached skill level 6 in Short Blades
  4735 | D:5      | Found Yrieho's Antique Armour Emporium.
  4903 | D:5      | Found a hazy altar of Hepliaklqana.
  4992 | D:5      | Found a snail-covered altar of Cheibriados.
  5020 | D:5      | Reached skill level 7 in Short Blades
  5020 | D:5      | Noticed Pikel
  5034 | D:5      | Killed Pikel
  5035 | D:5      | Reached skill level 5 in Stealth
  5035 | D:5      | Gained mutation: You can fly continuously. [Avariel growth]
  5035 | D:5      | Reached XP level 9. HP: 50/52 MP: 17/17
  5098 | D:5      | Got a faintly humming ring mail
  5133 | D:5      | Reached skill level 8 in Short Blades
  5280 | D:6      | Got a scintillating jade ring
  5281 | D:6      | Identified the ring "Yptu" {Fire Stlth+} (You found it on
                  | level 6 of the Dungeon)
  5292 | D:6      | Identified the +5 ring mail of Tulips {-Cast rF++ rC++}
                  | (You found it on level 5 of the Dungeon)
  5364 | D:6      | Found Zishrycs's Food Shoppe.
  5520 | D:6      | Noticed Grinder
  5530 | D:6      | Paralysed by Grinder for 2 turns
  5547 | D:6      | Reached skill level 9 in Short Blades
  5552 | D:6      | Killed Grinder
  5553 | D:6      | Reached skill level 5 in Spellcasting
  6173 | D:6      | Reached skill level 5 in Fighting
  6176 | D:6      | Reached XP level 10. HP: 57/59 MP: 19/19
  6658 | D:7      | Found Cuanompeawn's Jewellery Emporium.
  6661 | D:7      | Bought an uncursed amulet of regeneration for 448 gold
                  | pieces
  6682 | D:7      | Reached skill level 1 in Armour
  6901 | D:8      | Reached skill level 10 in Short Blades
  6912 | D:8      | Noticed a black mamba
  6913 | D:8      | Noticed Prince Ribbit
  6916 | D:8      | a black mamba changed into an eye of draining
  6956 | D:8      | Killed Prince Ribbit
  7136 | D:8      | Noticed a gargoyle
  7153 | D:8      | Killed a gargoyle
  7176 | D:8      | Noticed a two-headed ogre
  7188 | D:8      | Killed a two-headed ogre
  7433 | D:8      | Reached XP level 11. HP: 63/66 MP: 23/23
  7621 | D:8      | Found a staircase to the Orcish Mines.
  7870 | D:9      | Reached skill level 11 in Short Blades
  7933 | D:9      | Killed an unseen horror
  7976 | D:9      | Noticed Joseph
  7985 | D:9      | Killed Joseph
  8296 | D:5      | Found a staircase to the Ecumenical Temple.
  8301 | Temple   | Entered the Ecumenical Temple
  8503 | Temple   | Became a worshipper of Vehumet
  8612 | D:9      | Found a staircase to the Lair.
  8829 | D:9      | Reached * piety under Vehumet
  8829 | D:9      | Offered knowledge of Sandblast by Vehumet.
  8838 | D:9      | Learned a level 4 spell: Airstrike
  9210 | D:10     | Entered Level 10 of the Dungeon
  9210 | D:10     | Found a blossoming altar of Fedhas.
  9243 | D:10     | Reached skill level 1 in Air Magic
  9278 | D:10     | Found Cerucvuz's Antique Armour Emporium.
  9315 | D:10     | Found Heojist's Mayhem Merchandise.
  9344 | D:10     | Reached XP level 12. HP: 74/74 MP: 26/26
  9353 | D:10     | Offered knowledge of Throw Frost by Vehumet.
  9380 | D:10     | Reached ** piety under Vehumet
  9381 | D:10     | Reached skill level 12 in Short Blades
  9547 | D:10     | Noticed a tengu warrior
  9603 | D:10     | Killed a tengu warrior
 10005 | Lair:1   | Entered Level 1 of the Lair of Beasts
 10606 | Lair:1   | Offered knowledge of Mephitic Cloud by Vehumet.
 11111 | Lair:2   | Reached *** piety under Vehumet
 11625 | Lair:3   | Found a staircase to the Shoals.
 11664 | Lair:3   | Found a hole to the Spider Nest.
 11756 | Lair:3   | Reached XP level 13. HP: 64/80 MP: 28/28
 11853 | Lair:3   | Offered knowledge of Fulminant Prism by Vehumet.
 12055 | Lair:3   | Reached skill level 5 in Air Magic
 12880 | Lair:4   | Reached skill level 10 in Spellcasting
 13033 | Lair:4   | Reached skill level 5 in Armour
 13127 | Lair:4   | Reached **** piety under Vehumet
 13190 | Lair:4   | Learned a level 3 spell: Static Discharge
 13325 | Lair:4   | Offered knowledge of Iskenderun's Battlesphere by Vehumet.
 13676 | Lair:5   | Reached skill level 13 in Short Blades
 13846 | Lair:5   | Reached skill level 10 in Fighting
 14045 | Lair:5   | Reached XP level 14. HP: 68/88 MP: 30/30
 14068 | Lair:5   | Reached skill level 10 in Dodging
 14085 | Lair:5   | Reached skill level 10 in Stealth
 14201 | Lair:5   | Found a viscous altar of Jiyva.
 14201 | Lair:5   | Found a staircase to the Slime Pits.
 14201 | Lair:5   | Found a viscous altar of Jiyva.
 14215 | Lair:5   | Reached ***** piety under Vehumet
 14224 | Lair:5   | Identified the cursed -1 pair of gloves of Lol Amm {rElec
                  | Str+4 Dex-2} (You found it on level 5 of the Lair of
                  | Beasts)
 14419 | Lair:5   | Offered knowledge of Freezing Cloud by Vehumet.
 14653 | Lair:6   | Entered Level 6 of the Lair of Beasts
 14653 | Lair:6   | Noticed Sonja
 14658 | Lair:6   | Killed Sonja
 14773 | Lair:6   | Reached XP level 15. HP: 93/93 MP: 31/31
 14851 | Lair:6   | Noticed Urug
 14858 | Lair:6   | Killed Urug
 15179 | Lair:6   | Learned a level 3 spell: Regeneration
 15494 | Lair:6   | Noticed Nessos
 15507 | Lair:6   | Killed Nessos
 15648 | Lair:6   | Reached skill level 1 in Necromancy
 15651 | Lair:6   | Reached skill level 14 in Short Blades
 15690 | Lair:6   | Reached skill level 1 in Charms
 17032 | D:11     | Reached XP level 16. HP: 100/100 MP: 33/33
 17533 | D:12     | Entered Level 12 of the Dungeon
 17910 | D:12     | Offered knowledge of Bolt of Cold by Vehumet.
 17914 | D:12     | Learned a level 2 spell: Song of Slaying
 18621 | D:12     | Found a gate to the Vaults.
 18845 | D:12     | Reached skill level 10 in Air Magic
 18856 | D:12     | Found a staircase to the Depths.
 19040 | Orc      | Entered the Orcish Mines
 19040 | Orc      | Noticed Azrael
 19042 | Orc      | Killed Azrael
 19180 | Orc      | Found a radiant altar of Vehumet.
 19251 | Orc      | Found a staircase to the Elven Halls.
 19288 | Orc      | Reached ****** piety under Vehumet
 19582 | Orc      | Offered knowledge of Venom Bolt by Vehumet.
 19797 | Orc      | Reached skill level 5 in Necromancy
 20144 | Orc      | Learned a level 5 spell: Fireball
 20153 | Orc      | Slain by an orc warrior

Skill      XL: |  1  2  3  4  5  6  7  8  9 10 11 12 13 14 15 16 |
---------------+-------------------------------------------------+-----
Spellcasting   | 1 2 3 4 5 6 8 9 10 11 12 | 12.0
Fighting       | 1 2 4 5 6 8 9 10 11 | 11.8
Short Blades   | 1 2 3 4 5 7 9 10 11 12 13 14 | 14.7
Stealth        | 4 5 6 7 8 9 10 11 | 11.2
Dodging        | 4 5 6 7 8 9 10 11 | 11.3
Throwing       | 1 2 |  2.9
Armour         | 1 3 4 5 6 |  6.4
Air Magic      | 1 4 7 8 9 10 | 10.2
Conjurations   | 8 |  8.0
Necromancy     | 2 5 |  5.0
Charms         | 2 4 |  4.7
Maces & Flails | |  0.7

Action                   |  1- 3 |  4- 6 |  7- 9 | 10-12 | 13-15 | 16-18 || total
-------------------------+-------+-------+-------+-------+-------+-------++-------
Melee: Short sword       |    91 |       |       |       |       |       ||    91
       Unarmed           |    10 |       |       |       |       |       ||    10
       Dagger            |    26 |    57 |       |       |       |       ||    83
       Pair of quick bla |       |    42 |   181 |   520 |   711 |   495 ||  1949
 Fire: Blowgun           |     3 |       |       |       |       |       ||     3
Throw: Tomahawk          |       |    13 |     1 |    13 |     7 |       ||    34
       Javelin           |       |       |       |       |    20 |       ||    20
 Cast: Airstrike         |       |       |       |       |    12 |     6 ||    18
       Song of Slaying   |       |       |       |       |       |    16 ||    16
       Regeneration      |       |       |       |       |       |     4 ||     4
       Fireball          |       |       |       |       |       |     1 ||     1
 Abil: Fly               |       |       |     1 |       |       |       ||     1
       Stop Flying       |       |       |     1 |       |       |       ||     1
Evoke: Lightning rod     |       |       |       |     2 |       |       ||     2
  Use: Scroll            |     1 |     4 |     3 |     3 |    21 |     2 ||    34
       Potion            |       |     1 |       |       |     2 |     1 ||     4
 Stab: Sleeping          |     8 |     1 |     7 |    33 |    35 |    21 ||   105
       Distracted        |       |       |     1 |     3 |     5 |       ||     9
       Petrified         |       |       |       |       |     2 |       ||     2
  Eat: Chunk             |     7 |     7 |     9 |    20 |    21 |    12 ||    76
Armor: Robe              |    26 |    27 |    20 |       |       |       ||    73
       Ring mail         |       |       |    10 |    81 |   123 |       ||   214
       Troll leather arm |       |       |       |       |     9 |    70 ||    79
Dodge: Dodged            |    73 |    45 |    38 |   144 |   244 |   176 ||   720
Block: Other             |       |       |       |       |       |    97 ||    97
